 Dungeon Crawl Stone Soup version 0.21-a0-529-g8c7b3f5 (webtiles) character file.

31 Gildeon the Magician (level 3, 0/19 HPs)
             Began as a Deep Elf Conjurer on Dec 9, 2017.
             Succumbed to a gnoll's poison
             ... on level 1 of the Dungeon.
             The game lasted 00:05:29 (1203 turns).

Gildeon the Magician (Deep Elf Conjurer)            Turns: 1203, Time: 00:05:30

Health: 0/19       AC:  2    Str:  5    XL:     3   Next: 7%
Magic:  10/11      EV: 13    Int: 20    God:
Gold:   65         SH:  0    Dex: 15    Spells: 6/12 levels left

rFire    . . .     SeeInvis .   e - +0 club
rCold    . . .     Gourm    .   (no shield)
rNeg     . . .     Faith    .   a - +0 robe
rPois    .         Spirit   .   (no helmet)
rElec    .         Reflect  .   (no cloak)
rCorr    .         Harm     .   (no gloves)
MR       .....                  (no boots)
Stlth    ++........             (no amulet)
HPRegen  0.06/turn              (no ring)
MPRegen  0.12/turn              (no ring)

@: lethally poisoned (0 -> -12)
A: no striking features
a: no special abilities


You were on level 1 of the Dungeon.
You were not hungry.

You visited 1 branch of the dungeon, and saw 2 of its levels.

You collected 65 gold pieces.

Inventory:

Hand Weapons
 e - a +0 club (weapon)
Armour
 a - a +0 robe (worn)
Books
 b - a book of Conjurations

   Spells                             Type                      Level
   a - Magic Dart                     Conjuration                  1
   b - Searing Ray                    Conjuration                  2
   c - Dazzling Spray                 Conjuration/Hexes            3
   d - Fulminant Prism                Conjuration/Hexes            4
   e - Force Lance                    Conjuration/Translocation    4
   f - Iskenderun's Mystic Blast      Conjuration                  4
Comestibles
 d - a royal jelly


   Skills:
 - Level 2.4 Dodging
 - Level 2.4 Stealth
 - Level 5.0 Spellcasting
 + Level 4.3 Conjurations


You had 6 spell levels left.
You knew the following spells:

 Your Spells              Type           Power        Failure   Level  Hunger
a - Magic Dart            Conj           ###.         1%          1    None
b - Searing Ray           Conj           ###...       3%          2    None
c - Dazzling Spray        Conj/Hex       ##....       14%         3    ##.....


Dungeon Overview and Level Annotations

Branches:
Dungeon (2/15)

Altars:


Message History

You climb upwards.
You feel sick.
There is a stone staircase leading down here.
It was a potion of haste.
You feel yourself speed up.
* * * LOW HITPOINT WARNING * * *
You feel sick. The gnoll barely misses you. The gnoll closely misses you.
It was a potion of cancellation.
Your magical effects are unravelling.
You feel magically purged.
You feel yourself slow down.
* * * LOW HITPOINT WARNING * * *
You feel sick. The gnoll hits you with a flail.
* * * LOW HITPOINT WARNING * * *
Casting: Dazzling Spray
Confirm with . or Enter, or press ? or * to list all spells.
Aiming: Magic Dart
Press: ? - help, Shift-Dir - straight line, f - gnoll
Aim: a gnoll, wielding a flail The magic dart hits the gnoll.
The gnoll is heavily wounded.
You die...

###.#.......# #....# #..##.# #.#
....#.##.#..# #....# #..##.# #.#
#####.##.#..# ##...# #..##.# #.#
# #.##.#..# #...# #.....# #.# ###
#.##.#..# #...# #..##.####.# ..#
#.##.#..# #...# #..##....... ..#
#.##.#..####...####.#######.# ..#
#.##.#......gg......# #.#
########.#.####.@#.....#### #.#
####...[.....#.........'..# #.#
.........#.#.#.........##.# #.#
###....##..#.#.#.#.....##.# #.#
#....#.##..#.#.#.########.# #.#
#.#..........#.#.# #.# #.#
#.#..#.....#.#.#.########.#####.#
#.#..####..#.#.#.#..............#
#.#..# #..###.#.#.######.#######


You could see 2 gnolls.

Vanquished Creatures
  A gnoll (D:2)
  An ooze (D:1)
  A worm (D:2)
  3 bats (D:1)
  2 goblins
  3 kobolds
  2 frilled lizards (D:1)
  2 rats (D:1)
15 creatures vanquished.

Notes
Turn   | Place    | Note
-------+----------+-------------------------------------------
     0 | D:1      | Gildeon the Deep Elf Conjurer began the quest for the Orb.
     0 | D:1      | Reached XP level 1. HP: 10/10 MP: 6/6
   244 | D:1      | Reached skill level 4 in Spellcasting
   244 | D:1      | Reached XP level 2. HP: 15/15 MP: 6/9
   248 | D:1      | Learned a level 2 spell: Searing Ray
  1101 | D:2      | Reached skill level 5 in Spellcasting
  1101 | D:2      | Reached XP level 3. HP: 19/19 MP: 0/11
  1197 | D:1      | Learned a level 3 spell: Dazzling Spray
  1203 | D:1      | Succumbed to a gnoll's poison

Vault maps used:
D:1:      mrwooster_arrival_arrow, minmay_heptomino_o4
D:2:      marbit_many_paths, grunt_temple_overflow_open, serial_forest,
          infiniplex_forest_straight_2, infiniplex_forest_clump_tiny,
          infiniplex_forest_clump_large, infiniplex_forest_clump_diagonal,
          infiniplex_forest_straight_2, infiniplex_forest_end_3,
          infiniplex_forest_lined_room_, infiniplex_forest_clump_small,
          infiniplex_forest_zigzag_1, first_bread, minmay_misc_feat_diagonals,
          kennysheep_generic_room_5

Skill      XL: |  1  2 |
---------------+-------+-----
Spellcasting   | 4 5 |  5.0
Dodging        | |  2.4
Stealth        | |  2.4
Conjurations   | |  4.3

Action                   || total
-------------------------++-------
 Cast: Magic Dart        ||    40
  Use: Scroll            ||     2
       Potion            ||     2
  Eat: Bread ration      ||     1
Dodge: Dodged            ||    12

Table legend:
 A = Spawn XP
 B = Non-spawn XP
 C = Spawn XP percentage of total XP
 D = Spawn monster count
 E = Non-spawn monster count
 F = Spawn count percentage of total count
 G = Total turns spent on level
                    A         B        C        D         E        F      G
               +---------+---------+-------+---------+---------+-------+---------
         Total |       0 |      45 |   0.0 |       0 |      15 |   0.0 |  1203
               +---------+---------+-------+---------+---------+-------+---------
           D:1 |       0 |      22 |   0.0 |       0 |      11 |   0.0 |  1023
           D:2 |       0 |      23 |   0.0 |       0 |       4 |   0.0 |   180
               +---------+---------+-------+---------+---------+-------+---------
